 Dungeon Crawl Stone Soup version 0.29-a0-453-gf113fcf677 (webtiles) character file.

Game seed: 7489123068593559867

16382 Bruhh the Fighter (level 12, -7/126 HPs)
             Began as an Ogre Transmuter on May 20, 2022.
             Was a High Priest of Cheibriados.
             Succumbed to a scorpion's poison
             ... on level 10 of the Dungeon.
             The game lasted 00:28:11 (18531 turns).

Bruhh the Fighter (Ogre Transmuter)                Turns: 18531, Time: 00:28:12

Health: -7/126     AC:  9    Str: 27 (30) XL:     12   Next: 36%
Magic:  16/19      EV: 17    Int: 26 (27) God:    Cheibriados [*****.]
Gold:   2008       SH:  0    Dex: 24 (26) Spells: 6/19 levels left

rFire   . . .      SeeInvis .     - Unarmed
rCold   . . .      Faith    .   (shield currently unavailable)
rNeg    . . .      Spirit   .   E - +0 troll leather armour
rPois   .          Reflect  .   (helmet restricted)
rElec   .          Harm     .   (no cloak)
rCorr   .          Rampage  .   (gloves unavailable)
Will    +....                   (boots unavailable)
Stlth   ++........              (no amulet)
HPRegen 1.11/turn               d - +6 ring of dexterity
MPRegen 0.16/turn               c - +4 ring of protection

@: lethally poisoned (-7 -> -64), blade hands, attractive, slowed, studying
Slings, very slow
A: large, unfitting armour, tough skin 1
a: End Transformation, Renounce Religion, Bend Time, Temporal Distortion,
Slouch, Step From Time


You were on level 10 of the Dungeon.
You worshipped Cheibriados.
Cheibriados was extremely pleased with you.
You had blades for hands.
You visited 2 branches of the dungeon, and saw 12 of its levels.
You also visited: Bailey.

You collected 2008 gold pieces.

Inventory:

Armour
 a - a +0 robe
 E - a +0 troll leather armour (worn)
Jewellery
 c - a +4 ring of protection (right blade hand)
 d - a +6 ring of dexterity (left blade hand)
 e - a ring of protection from cold
 D - an amulet of regeneration
Wands
 b - a wand of iceblast (4)
 g - a wand of paralysis (5)
 p - a wand of flame (45)
 C - a wand of mindburst (5)
Scrolls
 f - 10 scrolls of identify {unknown}
 m - 2 scrolls of magic mapping
 o - 2 scrolls of blinking
 q - 2 scrolls of enchant weapon {unknown}
 r - a scroll of teleportation {unknown}
 s - a scroll of fear {unknown}
 t - a scroll of noise {unknown}
 u - 2 scrolls of immolation {unknown}
 w - a scroll of poison {unknown}
 x - a scroll of enchant armour {unknown}
 y - a scroll of amnesia {unknown}
Potions
 h - 2 potions of berserk rage {unknown}
 i - a potion of flight
 j - 2 potions of might
 k - 2 potions of attraction
 l - 2 potions of haste {unknown}
 n - 3 potions of degeneration
 v - 2 potions of curing {unknown}
 z - a potion of cancellation {unknown}
 A - a potion of brilliance
 B - a potion of magic {unknown}


   Skills:
 - Level 10.0 Fighting
 - Level 10.0 Dodging
 + Level 8.0 Unarmed Combat
 - Level 4.0 Spellcasting
 + Level 8.0 Transmutations
 - Level 10.0 Invocations


You had 6 spell levels left.
You knew the following spells:

 Your Spells              Type           Power      Damage    Failure   Level
a - Beastly Appendage     Tmut           94%        N/A       11%         1
b - Spider Form           Tmut/Pois      26%        N/A       34%         3
c - Ice Form              Ice/Tmut       26%        N/A       61%         4
d - Blade Hands           Tmut           23%        N/A       45%         5

Your spell library contained the following spells:

 Spells                   Type           Power      Damage    Failure   Level
 Wereblood                Tmut           47%        N/A       12%         2
 Portal Projectile        Hex/Tloc       10%        N/A       71%         3
 Tukima's Dance           Hex            5%         N/A       71%         3
 Hailstorm                Conj/Ice       5%         3d4       95%         4
 Fireball                 Conj/Fire      2%         3d4       99%         5
 Iskenderun's Battlesphe  Conj           5%         2d6       99%         5
 Conjure Ball Lightning   Conj/Air       2%         3x3d6     100%        6
 Simulacrum               Ice/Necr       2%         N/A       100%        6
 Orb of Destruction       Conj           2%         9d5       100%        7


Dungeon Overview and Level Annotations

Branches:
Dungeon (11/15)            Temple (1/1) D:5            Lair (0/6) D:9
    Orc (0/2) D:11         Bailey (visited)

Altars:
Ashenzari
Cheibriados
Dithmenos
Elyvilon
Gozag
Kikubaaqudgha
Makhleb
Okawaru
Qazlal
Ru
Sif Muna
Trog
Uskayaw
Vehumet
Wu Jian
Xom
Yredelemnul
Zin
The Shining One

Shops:
D:5 *=   D:7 [

Annotations:
D:10 Amaemon
D:11 3 runed translucent doors


Innate Abilities, Weirdness & Mutations

You have blades for hands.
Your spellcasting is less reliable in this form.
You are incapable of wielding weapons or throwing items.
You are too large for most types of armour.
You have tough skin. (AC +1)


Message History

Amaemon hits you with a +2 demon whip of venom!
You are more poisoned.
Amaemon claws you.
Amaemon tail-slaps you but does no damage.
The orange demon stings you from afar!
You are lethally poisoned!
You have difficulty breathing.
You feel yourself slow down.
The scorpion stings you but does no damage.
You hit Amaemon.
Amaemon is almost dead.
* * * LOW HITPOINT WARNING * * *
You feel extremely sick.
The scorpion stings you but does no damage.
The scorpion misses you.
Amaemon closely misses you. x2; Amaemon misses you.
The orange demon misses you. The scorpion closely misses you.
The scorpion misses you. The scorpion barely misses you.
Unknown command.
It was a potion of attraction.
You feel attractive to monsters.
* * * LOW HITPOINT WARNING * * *
You feel extremely sick. The scorpion misses you. The scorpion stings you.
* * * LOW HITPOINT WARNING * * *
You are more poisoned.
The scorpion poisons you! Amaemon closely misses you. x2
Amaemon tail-slaps you but does no damage.
The orange demon barely misses you. The scorpion stings you.
* * * LOW HITPOINT WARNING * * *
You are more poisoned.
The scorpion poisons you! The scorpion barely misses you.
The scorpion stings you but does no damage.
Amaemon casts a spell.
The orange demon completely misses you. The scorpion stings you.
* * * LOW HITPOINT WARNING * * *
The scorpion stings you but does no damage.
The scorpion is attracted toward you.
It was a potion of degeneration.
There was something very wrong with that liquid.
You feel weakened.
You feel dopey.
You feel clumsy.
You die...

..... ##### ..... #####...#
........## .# ##..##...#
.......... ...
##...##...####.......... ...
#.........##s.s§........##.
#.........##sss...........###
#..........#@64..............
##..........s#sss.........#...
#............#............#..#
###............#....##......)..#
#...................#..........#
##..###.........................
######..............#....##....
##..#.............##...###....
##.....##........#. #.#..#.....


You could see Amaemon (empowered), an orange demon (curare) and 9 scorpions.

Vanquished Creatures
  Josephine (D:11)
  3 hydras
  A centaur warrior (D:9)
  2 two-headed ogres (D:9)
  An ugly thing (D:9)
  A manticore (D:9)
  Maggie (D:9)
  A gargoyle (D:10)
  An unseen horror (D:11)
  2 komodo dragons (D:11)
  A kobold demonologist (D:10)
  A troll (D:10)
  2 hornets
  12 yaks
  9 wraiths
  2 wyverns
  2 steam dragons (D:9)
  A vampire mosquito (D:11)
  Menkaure (D:6)
  An ice beast (D:6)
  6 sky beasts
  A black bear (D:5)
  9 orc warriors
  2 ogres
  10 centaurs
  3 phantoms
  7 kobold brigands
  5 bullfrogs
  A necrophage (D:7)
  A scorpion (D:5)
  4 wights (D:7)
  7 electric eels (D:8)
  A howler monkey (D:9)
  7 hounds
  2 gnoll shamans (D:3)
  5 orc priests
  8 iguanas
  8 orc wizards
  An adder (D:4)
  22 gnolls
  3 shadow imps
  A white imp (D:6)
  3 worms
  4 dart slugs
  55 orcs
  7 bats
  7 endoplasms
  2 giant cockroaches
  8 goblins
  9 hobgoblins
  14 jackals
  5 quokkas
  3 ball pythons
  10 frilled lizards
  25 kobolds
  6 rats
318 creatures vanquished.

Vanquished Creatures (others)
  4 fungi
  28 plants
32 creatures vanquished.

Grand Total: 350 creatures vanquished

Notes
Turn   | Place    | Note
-------+----------+-------------------------------------------
     0 | D:1      | Bruhh the Ogre Transmuter began the quest for the Orb.
     0 | D:1      | Reached XP level 1. HP: 19/19 MP: 3/3
   168 | D:1      | Reached XP level 2. HP: 29/29 MP: 3/5
   544 | D:1      | Reached XP level 3. HP: 34/39 MP: 3/6
  1111 | D:2      | Found a glowing silver altar of Zin.
  1711 | D:2      | Reached skill level 5 in Fighting
  1711 | D:2      | Reached XP level 4. HP: 42/50 MP: 7/7
  2086 | D:3      | Found a faded altar of an unknown god.
  2400 | D:3      | Reached XP level 5. HP: 37/59 MP: 6/8
  3292 | D:3      | Reached XP level 6. HP: 63/71 MP: 9/9
  3515 | D:4      | Paralysed by an orc wizard for 4 turns
  3521 | D:4      | Paralysed by an orc wizard for 3 turns
  3758 | D:4      | Noticed a sky beast
  3772 | D:3      | Learned a level 3 spell: Spider Form
  4121 | D:3      | Reached XP level 7. HP: 73/78 MP: 8/10
  4272 | D:3      | Reached skill level 5 in Unarmed Combat
  5290 | D:5      | Entered Level 5 of the Dungeon
  5302 | D:4      | Reached XP level 8. HP: 12/87 MP: 11/11
  6173 | D:5      | Found a staircase to the Ecumenical Temple.
  6197 | Temple   | Entered the Ecumenical Temple
  6467 | Temple   | Became a worshipper of Cheibriados the Contemplative
  6515 | D:5      | Reached skill level 5 in Transmutations
  6850 | D:5      | Found Quiclap's Assorted Antiques.
  6851 | D:5      | Found Qicwyg's Jewellery Shoppe.
  7739 | D:6      | Noticed Menkaure
  7749 | D:6      | Killed Menkaure
  7750 | D:6      | Reached XP level 9. HP: 42/93 MP: 10/12
  8352 | D:7      | Found Caekuot's Armour Shop.
  8375 | D:7      | Found a flagged portal.
  8389 | D:7      | Reached * piety under Cheibriados
  8392 | Bailey   | Entered a bailey
  9052 | Bailey   | Found an iron altar of Okawaru.
  9166 | D:7      | Found a shimmering altar of Xom.
  9166 | D:7      | Found a shimmering altar of Xom.
  9167 | D:7      | Found a shimmering altar of Xom.
  9172 | D:7      | Found a shimmering altar of Xom.
  9172 | D:7      | Found a shimmering altar of Xom.
  9173 | D:7      | Found a shimmering altar of Xom.
  9173 | D:7      | Found a shimmering altar of Xom.
  9173 | D:7      | Found a shimmering altar of Xom.
  9238 | D:7      | Reached ** piety under Cheibriados
  9517 | D:7      | Reached XP level 10. HP: 93/107 MP: 9/14
  9756 | D:7      | Noticed a shining eye
 10250 | D:8      | Reached skill level 10 in Fighting
 11432 | D:8      | HP: 2/110 [electric eel/bolt of electricity (6)]
 12247 | D:8      | Reached skill level 5 in Dodging
 12340 | D:8      | Reached *** piety under Cheibriados
 12880 | D:9      | Learned a level 4 spell: Ice Form
 12917 | D:9      | Reached skill level 1 in Invocations
 13097 | D:9      | Noticed a two-headed ogre
 13104 | D:9      | Killed a two-headed ogre
 13407 | D:9      | Noticed a two-headed ogre
 13422 | D:9      | Killed a two-headed ogre
 13423 | D:9      | Reached XP level 11. HP: 108/117 MP: 15/17
 13557 | D:9      | Found a staircase to the Lair.
 13610 | D:9      | Noticed Maggie
 13619 | D:9      | Killed Maggie
 13620 | D:9      | Reached skill level 5 in Invocations
 13805 | D:9      | Found a sacrificial altar of Ru.
 13877 | D:9      | Found a white marble altar of Elyvilon.
 14172 | D:9      | Reached **** piety under Cheibriados
 14453 | D:9      | Noticed a six-headed hydra
 14463 | D:9      | Killed a six-headed hydra
 14809 | D:9      | Noticed a centaur warrior
 14811 | D:9      | Noticed a manticore
 14825 | D:9      | Killed a centaur warrior
 14826 | D:9      | Killed a manticore
 15409 | D:9      | Noticed a purple ugly thing
 15418 | D:9      | Killed a purple ugly thing
 15485 | D:10     | Entered Level 10 of the Dungeon
 15597 | D:10     | Noticed Josephine
 15614 | D:11     | Killed Josephine
 16601 | D:11     | Noticed an eight-headed hydra
 16609 | D:11     | Reached XP level 12. HP: 122/126 MP: 15/18
 16618 | D:11     | Killed an eight-headed hydra
 16887 | D:11     | Noticed an eight-headed hydra
 16894 | D:11     | Killed an eight-headed hydra
 17090 | D:11     | Found a runed translucent door.
 17090 | D:11     | Noticed a boulder beetle
 17090 | D:11     | Noticed a centaur warrior
 17091 | D:11     | Found a runed translucent door.
 17092 | D:11     | Found a runed translucent door.
 17092 | D:11     | Noticed a two-headed ogre
 17092 | D:11     | Noticed a two-headed ogre
 17265 | D:11     | Found a staircase to the Orcish Mines.
 17469 | D:11     | Reached ***** piety under Cheibriados
 17983 | D:10     | Noticed a soul eater
 18129 | D:10     | Reached skill level 10 in Dodging
 18254 | D:10     | Reached skill level 10 in Invocations
 18260 | D:10     | Learned a level 5 spell: Blade Hands
 18518 | D:10     | Noticed Amaemon
 18531 | D:10     | Succumbed to a scorpion's poison

Illustrated notes

Levels and vault maps discovered:
D:1:      saegor_arrival_under_anarchy, layout_basic
D:2:      layout_loops_ring, basic_altar
D:3:      lemuel_castle_with_subvaults [lemuel_castle_interior_carwin_3],
          layout_loops_corners, ebering_ecumenical_altar_rust,
          minmay_strange_pillars, grunt_ministairs_13, minmay_misc_feat_pillars,
          palyth_stone_intersect
D:4:      layout_rooms, lightli_ossuary_entry_decrepit_ruins
D:5:      layout_loops_ring, minmay_temple_entry_overgrown, grunt_ministairs_4,
          nicolae_wooded_promenade, minmay_misc_feat_square
D:6:      layout_gridville, uniq_menkaure
D:7:      layout_cave_pods, xom_shifter_show, serial_shops,
          nicolae_shop_advertising_works [nicolae_subvault_shop_adworks],
          enter_bailey_2
D:8:      layout_loops_ring, serial_bayou, serial_bayou_ford_a,
          serial_bayou_lake_a, serial_bayou_pond_e, serial_bayou_pond_e,
          serial_bayou_pond_d, serial_bayou_pond_d
D:9:      nzn_winding_woodlands_cross [nzn_winding_woodlands_5x15_zeroes,
          nzn_winding_woodlands_5x15_crooked,
          nzn_winding_woodlands_5x15_pathside_ponds,
          nzn_winding_woodlands_5x15_pockets,
          nzn_winding_woodlands_15x15_boxy_spiral], layout_loops_ring,
          mainiacjoe_overflow_big_doors, dpeg_oklobed_lair, serial_glass,
          glass_columns_a, glass_columns_c, hangedman_misty_isle, uniq_maggie
D:10:     layout_cave_pools, uniq_amaemon, uniq_josephine
D:11:     minmay_the_grid_triangle_9x9_rhombus_full
          [minmay_the_grid_triangle_9x9_steps,
          minmay_the_grid_triangle_9x9_negative_grid,
          minmay_the_grid_triangle_9x9_wacky_v,
          minmay_the_grid_triangle_9x9_corrupted_corridor,
          minmay_the_grid_triangle_9x9_fully_insulated_deathbox,
          minmay_the_grid_triangle_9x9_alien,
          minmay_the_grid_triangle_9x9_dagger,
          minmay_the_grid_triangle_9x9_prize_schism], layout_long_grid,
          hiddenorc1_lemuel, serial_bayou_crossing
Temple:   mainiacjoe_temple_bowtie_tessellation

Skill      XL: |  1  2  3  4  5  6  7  8  9 10 11 12 |
---------------+-------------------------------------+-----
Fighting       | 2 3 5 6 7 9 10 | 10.0
Unarmed Combat | 3 4 5 7 8 |  8.0
Transmutations | 2 4 6 8 |  8.0
Spellcasting   | 4 |  4.0
Dodging        | 6 9 10 | 10.0
Invocations    | 4 8 10 | 10.0

Action                   |  1- 3 |  4- 6 |  7- 9 | 10-12 || total
-------------------------+-------+-------+-------+-------++-------
Melee: Unarmed           |   126 |   187 |   301 |   402 ||  1016
       Headbutt          |    17 |    25 |    26 |       ||    68
       Kick              |    25 |    35 |    42 |       ||   102
       Punch             |     3 |     2 |     4 |     3 ||    12
 Cast: Beastly Appendage |    29 |    26 |    25 |       ||    80
       Spider Form       |       |     2 |    23 |    49 ||    74
       Ice Form          |       |       |       |     5 ||     5
       Blade Hands       |       |       |       |     1 ||     1
Invok: Slouch            |       |       |       |     1 ||     1
Evoke: Wand              |       |       |       |    18 ||    18
  Use: Scroll            |       |     4 |       |     1 ||     5
       Potion            |       |     1 |     2 |     8 ||    11
 Stab: Sleeping          |     1 |       |     2 |     4 ||     7
Armor: Robe              |    61 |    71 |    75 |    10 ||   217
       Skin              |       |    44 |    50 |    63 ||   157
       Troll leather arm |       |       |       |     6 ||     6
Dodge: Dodged            |    63 |   137 |   272 |   610 ||  1082

Table legend: (Time is in decaauts)
 A = Elapsed time spent in this place.
 B = Non-inter-level travel time spent in this place.
 C = Inter-level travel time spent in this place.
 D = Time resting spent in this place.
 E = Time spent auto-exploring this place.
 F = Levels seen in this place.
 G = Mean time per level.
                   A        B        C        D        E       F      G
               +--------+--------+--------+--------+--------+-----+--------+
         Total |  20982 |  20429 |    553 |   2961 |  14703 |  13 | 1614.0 |
       Dungeon |  19923 |  19423 |    500 |   2558 |  14243 |  11 | 1811.2 |
        Temple |    302 |    250 |     52 |      0 |    238 |   1 |  302.0 |
        Bailey |    756 |    756 |      0 |    403 |    221 |   1 |  756.0 |
               +--------+--------+--------+--------+--------+-----+--------+

Top non-repeatable levels by time:
     D:9: 3232 daAuts
     D:8: 3164 daAuts
    D:11: 2903 daAuts
     D:3: 2441 daAuts
     D:5: 1595 daAuts
     D:7: 1448 daAuts
     D:4: 1199 daAuts
     D:1: 1066 daAuts
     D:2: 986 daAuts
     D:6: 955 daAuts
    D:10: 929 daAuts
  Bailey: 756 daAuts
  Temple: 302 daAuts
